 Dungeon Crawl Stone Soup version 0.13-a0-2202-g857913d (webtiles) character file.

116 Kae the Firebug (level 3, 0/19 HPs)
             Began as a Tengu Fire Elementalist on July 2, 2013.
             Slain by an adder (4 damage)
             ... on Level 2 of the Dungeon.
             The game lasted 00:01:56 (834 turns).

Kae the Firebug (Tengu Fire Elementalist)            Turns: 834, Time: 00:01:56

HP   0/19        AC  2     Str  8      XL: 3   Next: 20%
MP   1/7         EV 12     Int 16      God:
Gold 86          SH  0     Dex 14      Spells:  1 memorised,  4 levels left

Res.Fire  : . . .   See Invis. : .   (no weapon)
Res.Cold  : . . .   Warding    : .   a - +0 robe
Life Prot.: . . .   Conserve   : .   (no shield)
Res.Poison: .       Res.Corr.  : .   (helmet restricted)
Res.Elec. : .       Clarity    : .   (no cloak)
Sust.Abil.: . .     Spirit.Shd : .   (no gloves)
Res.Mut.  : .       Stasis     : .   (boots unavailable)
Res.Rott. : .       Flight     : .   (no amulet)
Saprovore : . . .                    (no ring)
                                     n - ring of sustenance {unknown}

@: mildly poisoned, not resistant to hostile enchantments, fairly stealthy
A: beak, talons 3
a: no special abilities


You were on level 2 of the Dungeon.
You were not hungry.

You visited 1 branch of the dungeon, and saw 2 of its levels.

You collected 66 gold pieces.

Inventory:

Armour
 a - a +0 robe (worn)
Comestibles
 c - a bread ration
 d - a choko
 k - 2 pears
 q - a meat ration
Scrolls
 e - a scroll of teleportation {unknown}
 h - 4 scrolls of fog {unknown}
 i - 2 scrolls of remove curse {unknown}
 j - a scroll of enchant armour {unknown}
 m - 2 scrolls of enchant weapon II {unknown}
 p - a scroll of curse jewellery {unknown}
Jewellery
 n - a ring of sustenance (left hand) {unknown}
Potions
 f - a potion of heal wounds {unknown}
 g - 2 potions of flight {unknown}
 l - a potion of curing {unknown}
 o - 2 potions of brilliance {unknown}
Books
 b - a book of Flames

   Spells                             Type                      Level
   *Flame Tongue                      Conjuration/Fire             1
   Throw Flame                        Conjuration/Fire             2
   Conjure Flame                      Conjuration/Fire             3
   Inner Flame                        Hexes/Fire                   3
   Sticky Flame                       Conjuration/Fire             4
   Fireball                           Conjuration/Fire             5


   Skills:
 - Level 2.1 Dodging
 - Level 2.0 Stealth
 + Level 1.5 Spellcasting
 * Level 2.3 Conjurations
 * Level 4.0 Fire Magic


You had 4 spell levels left.
You knew the following spells:

 Your Spells              Type           Power        Failure   Level  Hunger
a - Flame Tongue          Conj/Fire      ##...        8%          1    ##.....


Dungeon Overview and Level Annotations

Branches:
Dungeon (2/27)

Altars:

Annotations
D:2 Sigmund


Innate Abilities, Weirdness & Mutations

You have a beak for a mouth.
You have claws for feet.


Message History

Aim: an adder The flame misses the adder.
The adder barely misses you.
Casting: Flame Tongue
Confirm with . or Enter, or press ? or * to list all spells.
Aiming: Flame Tongue
Press: ? - help, Shift-Dir - straight line, f/p - adder
Aim: an adder The flame hits the adder.
The adder is heavily wounded.
You feel sick. The adder bites you.
* * * LOW HITPOINT WARNING * * *
Casting: Flame Tongue
Confirm with . or Enter, or press ? or * to list all spells.
Aiming: Flame Tongue
Press: ? - help, Shift-Dir - straight line, f/p - adder
Aim: an adder (heavily wounded)
The flame hits the adder.
The adder is heavily wounded.
The adder bites you.
You die...

... ....# ....## ###
###...... ... ..#...#
##.# ...%.#
##...##....#
#.#.....#S...# .
#.#..>..@....# #.
#.#.....#.#### ###.##
##...##.########......#
#####.................
.......#.##########.#.#
###...##.# #.#.#
#....##.##########.#.#
+.....................
#....##.##########.#..


You could see an adder.

Vanquished Creatures
  An adder (D:2)
  An ooze (D:1)
  A giant cockroach (D:1)
  2 goblins (D:1)
  3 hobgoblins (D:1)
  2 kobolds (D:1)
  2 bats (D:1)
  5 giant newts
  5 rats (D:1)
22 creatures vanquished.

Vanquished Creatures (others)
  A rat (D:1)
1 creature vanquished.

Grand Total: 23 creatures vanquished

Notes
Turn   | Place    | Note
--------------------------------------------------------------
     0 | D:1      | Kae, the Tengu Fire Elementalist, began the quest for the Orb.
     0 | D:1      | Reached XP level 1. HP: 10/10 MP: 3/3
   146 | D:1      | Reached XP level 2. HP: 12/15 MP: 1/5
   743 | D:2      | Noticed Sigmund
   754 | D:2      | Reached skill level 4 in Fire Magic
   831 | D:2      | Reached XP level 3. HP: 11/19 MP: 5/7
   834 | D:2      | Slain by an adder

Action                   || total
-------------------------++-------
Melee: Unarmed           ||    24
 Cast: Flame Tongue      ||    27
